 Dungeon Crawl Stone Soup version 0.17-a0-702-gb3a3556 (webtiles) character file.

373016 Mellonil the Slayer (level 21, -6/216 HPs)
             Began as a Minotaur Berserker on Apr 15, 2015.
             Was the Champion of Trog.
             Mangled by a phantasmal warrior (26 damage)
             ... on level 5 of the Vaults on Apr 19, 2015.
             The game lasted 07:29:58 (60511 turns).

Mellonil the Slayer (Minotaur Berserker)           Turns: 60511, Time: 07:29:58

Health: -6/216     AC: 29    Str: 33    XL:     21   Next: 73%
Magic:  20/20      EV: 13    Int: 14    God:    Trog [******]
Gold:   1227       SH: 21    Dex: 11    Spells: 0 memorised, 20 levels left

rFire  + + .     SeeInvis +     w - +2 eveningstar (drain)
rCold  + + .     Clarity  .     s - +4 fire dragon armour
rNeg   + . .     SustAb   .     E - +5 shield {reflect}
rPois  .         Gourm    .     O - +2 hat
rElec  +         Spirit   .     I - +2 cloak
rCorr  .         Warding  +     Z - +0 pair of gloves {rC+}
rMut   .         Stasis   .     V - +1 pair of boots "Vezues" {Str+2}
MR     ++...                    U - amulet "Kimow" {Ward rN+ Int+6}
Stlth  +.........               C - ring of Limitation {+Fly rC+ Int+4 SInv}
                                a - ring "Koweyl" {rElec MR+ Stlth+}

@: exhausted, about to teleport, hasted, drained, very quick, very resistant to
hostile enchantments, very unstealthy
A: retaliatory headbutt, horns 2, cold resistance 1
a: Burn Spellbooks, Berserk, Trog's Hand, Brothers in Arms, Renounce Religion,
Evoke Flight
}: 2/15 runes: decaying, serpentine


You were on level 5 of the Vaults.
You worshipped Trog.
Trog was exalted by your worship.
You were not hungry.

You visited 7 branches of the dungeon, and saw 44 of its levels.
You also visited: Ossuary and Ice Cave.

You collected 3731 gold pieces.
You spent 2504 gold pieces at shops.

Inventory:

Hand weapons
 w - a +2 eveningstar of draining (weapon)
 T - a +2 morningstar of holy wrath
Armour
 s - a +4 fire dragon armour (worn)
 E - a +5 shield of reflection (worn)
 I - a +2 cloak (worn)
 O - a +2 hat (worn)
 V - the +1 pair of boots "Vezues" (worn) {Str+2}
   (You found it on level 2 of the Swamp)

   It affects your strength (+2).
 Z - a +0 pair of gloves of cold resistance (worn)
Jewellery
 a - the ring "Koweyl" (left hand) {rElec MR+ Stlth+}
   (You bought it in a shop on level 2 of the Vaults)

   [ring of protection from magic]

   It insulates you from electricity.
   It affects your resistance to hostile enchantments.
   It makes you more stealthy.
 j - an uncursed ring of poison resistance
 C - the ring of Limitation (right hand) {+Fly rC+ Int+4 SInv}
   (You bought it in a shop on level 4 of the Orcish Mines)

   [ring of see invisible]

   It affects your intelligence (+4).
   It protects you from cold.
   It enhances your eyesight.
   It lets you fly.
 F - an uncursed ring of protection from fire
 P - an uncursed ring of sustain abilities
 U - the amulet "Kimow" (around neck) {Ward rN+ Int+6}
   (You bought it in a shop on level 2 of the Vaults)

   [amulet of warding]

   It may prevent the melee attacks of summoned creatures.
   It affects your intelligence (+6).
   It protects you from negative energy.
Magical devices
 m - a wand of draining (7)
 t - a wand of fire (2)
 H - a wand of lightning (6)
 L - a wand of digging (14)
 M - a wand of fireball (1)
 N - a wand of teleportation (0)
Scrolls
 e - a scroll of silence
 h - 22 scrolls of remove curse
 o - 3 scrolls of enchant weapon
 u - 7 scrolls of teleportation
 A - 7 scrolls of identify
 B - 4 scrolls of magic mapping
Potions
 d - 6 potions of agility
 g - a potion of resistance
 i - 2 potions of invisibility
 k - 6 potions of restore abilities
 l - 19 potions of curing
 n - 3 potions of cancellation
 p - 6 potions of flight
 r - 8 potions of brilliance
 x - a potion of berserk rage
 G - 3 potions of might
 K - 4 potions of haste
 Q - a potion of mutation
 R - a potion of cure mutation
Comestibles
 c - 18 bread rations
 f - 21 meat rations


   Skills:
 * Level 24.9(24.7) Fighting
 * Level 24.6(24.4) Maces & Flails
 + Level 19.6(19.4) Armour
 - Level 6.3(6.2) Dodging
 + Level 17.7(17.5) Shields


You had 20 spell levels left.
You didn't know any spells.

Dungeon Overview and Level Annotations

Branches:
Dungeon (15/15)            Temple (0/1) D:4            Lair (8/8) D:10
  Swamp (5/5) Lair:3        Snake (5/5) Lair:6        Slime (0/6) Lair:6
    Orc (4/4) D:9             Elf (0/3) Orc:4        Vaults (5/5) D:14
  Crypt (0/3) Vaults:3     Depths (2/5) D:15

Altars:
Cheibriados
Kikubaaqudgha
Nemelex Xobeh
Okawaru
Ru
Trog
Yredelemnul

Shops:
D:7 [   D:9 !   Orc:1 (**   Orc:2 ?   Orc:4 :!=!=   Snake:1 %   Vaults:2 =
Vaults:4 !

Portals:
Hell: Depths:2

Annotations:
D:2 Sigmund


Innate Abilities, Weirdness & Mutations

You reflexively headbutt those who attack you in melee.
You have a pair of horns on your head.
Your flesh is cold resistant.


Message History

The air twists around and strikes you!
* * * LOW HITPOINT WARNING * * *
You block the deep elf knight's attack.
The tengu reaver begs for mercy.
Evoke which item? (* to show all) (? for menu, Esc to quit)
Zapping:
N - a wand of teleportation {zapped: 3} (will waste charges)
Press: ? - help, Shift-Dir - straight line, f - you You feel strangely unstable.
Evoking this partially-identified wand wasted a few charges.
The tengu reaver starts to cry.
You block the phantasmal warrior's attack.
The deep elf knight hits you but does no damage.
You block the titan's attack.
A golden dragon comes into view.
Drink which item? (? for menu, Esc to quit)
You feel yourself speed up.
The golden dragon roars!
The tengu reaver seems to regain its courage.
You block the deep elf knight's attack. The phantasmal warrior hits you!!
You die...

###################
....D....W@........
.........eC........
........†)........
......QC..........
...C..D.)....*....
......C...O......
.....N.Q.........
............D....
...§.............


You could see a shadow dragon, a titan, a golden dragon, a storm dragon
(fleeing), a frost giant, a stone giant (fleeing), 2 tengu reavers, a salamander
stormcaller, an ettin (fleeing), a deep elf knight, a phantasmal warrior and a
two-headed ogre (fleeing).

Vanquished Creatures
  Sojobo (Vaults:4)
  Frederick (Vaults:4)
  Margery (Vaults:4)
  A lich (Vaults:4)
  Rupert (D:15)
  A tentacled monstrosity (Vaults:4)
  A thorn hunter (Swamp:5)
  5 sphinxes
  Gastronok (D:9)
  2 ancient champions (Vaults:4)
  Agnes (Snake:2)
  A storm dragon (Depths:2)
  Frances (Swamp:2)
  9 greater nagas
  2 shadow dragons
  Kirke (D:13)
  An azure jelly (Swamp:5)
  Roxanne (Swamp:1)
  A tengu reaver (Vaults:5)
  Wiglaf (Snake:3)
  Donald (Snake:2)
  2 frost giants
  A deep elf sorcerer (Vaults:4)
  Aizul (Swamp:2)
  Louise (Swamp:4)
  8 vault wardens
  11 ironheart preservers
  9 very ugly things
  A spriggan defender (Vaults:4)
  4 vampire knights
  A dire elephant (D:15)
  Azrael (D:15)
  13 stone giants
  7 ettins
  A small abomination (Vaults:4)
  2 deep elf death magi
  6 yaktaur captains
  33 vault guards
  An entropy weaver (shapeshifter) (Vaults:4)
  A fire dragon (Vaults:4)
  12 ogre magi
  Erolcha (D:8)
  2 great orbs of eyes
  2 ghost crabs
  2 rakshasas
  5 ice dragons
  3 entropy weavers
  19 hydras
  16 naga warriors
  16 anacondas
  10 centaur warriors
  10 alligators
  A salamander stormcaller (Vaults:3)
  A dancing weapon (Vaults:1)
  2 deep troll earth magi (Depths:1)
  2 tengu warriors (Depths:2)
  2 death yaks (Lair:8)
  4 deep troll shamans
  6 hell knights
  An orc high priest (Orc:3)
  11 naga sharpshooters
  A fire crab (Vaults:2)
  A shadow wraith (Vaults:2)
  3 shock serpents
  2 deep elf knights (Vaults:1)
  3 sea snakes (Snake:5)
  11 deep trolls
  A spectral anaconda (Swamp:3)
  3 skeletal warriors
  5 salamander mystics (Snake:5)
  2 iron trolls (Depths:2)
  3 spriggan druids
  5 naga ritualists
  2 phantasmal warriors (Vaults:4)
  2 deep elf summoners (Vaults:4)
  2 unseen horrors
  A spectral hydra (Swamp:3)
  3 giant orange brains
  3 shambling mangroves
  An ice statue (IceCv)
  4 swamp dragons
  A hill giant (shapeshifter) (Depths:2)
  A tengu zombie (Vaults:4)
  2 deep elf conjurers (Vaults:4)
  4 necromancers
  7 ironbrand convokers
  11 mana vipers
  6 hornets
  6 hill giants
  4 lindwurms (Snake:5)
  2 manticores
  5 orc sorcerers
  A manticore (shapeshifter) (Vaults:1)
  10 orc knights
  A harpy (shapeshifter) (Vaults:4)
  A draconian (shapeshifter) (Vaults:3)
  2 cyclopes
  5 salamanders
  A salamander (shapeshifter) (Vaults:4)
  3 griffons
  A hornet (shapeshifter) (Vaults:3)
  45 ugly things
  A frost giant zombie (Vaults:4)
  A harpy (Vaults:3)
  A faun (D:14)
  8 wolf spiders
  8 guardian serpents (Snake:5)
  4 centaur zombies
  16 elephants
  35 black mambas
  A human skeleton (Vaults:4)
  A spiny frog (shapeshifter) (Vaults:1)
  Psyche (D:12)
  A queen ant (Lair:5)
  22 naga magi
  4 centaur skeletons
  A torpor snail (Lair:8)
  A queen ant (shapeshifter) (Vaults:4)
  14 vault sentinels
  20 spiny frogs
  A kobold demonologist (Vaults:3)
  12 komodo dragons
  28 yaktaurs
  A gargoyle (D:12)
  A deep elf priest (Vaults:4)
  8 trolls
  2 trolls (shapeshifter)
  A jumping spider (Depths:2)
  A fire drake (Lair:8)
  25 two-headed ogres
  A polar bear (Lair:4)
  18 freezing wraiths
  3 baby alligators (Swamp:5)
  17 blink frogs
  Grinder (D:6)
  A two-headed ogre (shapeshifter) (Vaults:3)
  32 slime creatures
  9 giant leeches
  16 ravens
  A snapping turtle (shapeshifter) (Depths:2)
  4 snapping turtles (D:13)
  9 bog bodies
  3 boulder beetles
  A tarantella (shapeshifter) (Vaults:3)
  An air elemental (Vaults:4)
  11 spriggans
  A water elemental (D:13)
  A shadow (Swamp:5)
  A fire giant simulacrum (Vaults:4)
  4 wyverns
  A stone giant simulacrum (Vaults:2)
  10 redbacks
  5 deep elf magi
  2 tarantellas (Depths:2)
  A trapdoor spider (shapeshifter) (Vaults:3)
  7 deep elf fighters
  3 hogs (D:13)
  5 fire elementals (D:15)
  40 yaks
  4 basilisks
  A hog (shapeshifter) (Vaults:1)
  2 hungry ghosts
  A death yak simulacrum (IceCv)
  21 wolves
  17 hydra simulacra (Swamp:5)
  36 swamp worms
  9 hippogriffs
  Menkaure (D:6)
  18 insubstantial wisps
  42 nagas
  3 swamp worm simulacra (Swamp:5)
  4 wargs
  13 soldier ants (Lair:5)
  6 mottled dragons
  32 vampire mosquitoes
  19 porcupines
  Duvessa (D:5)
  5 sky beasts
  36 water moccasins
  2 hell hounds (D:15)
  20 orc warriors
  6 swamp drakes
  Purgy (D:4)
  3 boggarts (Vaults:1)
  8 wasps
  10 ice beasts
  3 phantoms
  3 black bears
  An eye of draining (D:13)
  A necrophage (D:12)
  A spectral blink frog (Swamp:3)
  An alligator simulacrum (IceCv)
  13 centaurs
  66 ogres
  A boring beetle (Lair:7)
  13 crocodiles
  23 giant frogs
  3 wyvern zombies
  Dowan (D:5)
  5 water moccasin zombies
  17 killer bees
  2 scorpions
  4 big kobolds
  A wyvern skeleton (D:14)
  5 jellies
  11 wights
  7 electric eels
  6 crimson imps
  A goliath beetle (D:7)
  2 draconian simulacra (IceCv)
  21 orc wizards
  13 hounds
  11 iguanas
  5 giant frog zombies
  3 giant frog skeletons
  17 orc priests
  A spectral swamp drake (Swamp:3)
  7 troll simulacra (IceCv)
  A polar bear simulacrum (IceCv)
  2 spriggan simulacra (IceCv)
  2 hell rats (Lair:4)
  42 worker ants
  A wolf simulacrum (IceCv)
  2 killer bee zombies
  2 sheep (Lair:8)
  2 big kobold zombies (Ossuary)
  A centaur simulacrum (IceCv)
  3 hound zombies
  3 hound skeletons (D:4)
  3 mummies
  6 gnolls
  Robin (D:4)
  16 adders
  6 naga simulacra (IceCv)
  91 river rats
  6 shadow imps
  12 white imps (IceCv)
  4 swamp drake simulacra (Swamp:5)
  An ufetubus (Vaults:4)
  5 adder zombies (Ossuary)
  2 adder skeletons
  14 worms
  2 giant geckos
  131 orcs
  A ball python (D:7)
  27 bats
  A bat zombie (D:8)
  4 giant cockroaches
  5 gnoll zombies (Ossuary)
  18 hobgoblins
  4 jackals
  24 kobolds
  A giant gecko skeleton (D:7)
  2 giant newts
  A giant spore (D:10)
  18 goblins
  6 hobgoblin zombies (Ossuary)
  3 kobold zombies (Ossuary)
  6 orc zombies (Ossuary)
  17 rats
  3 ballistomycetes (D:10)
  A butterfly (Lair:5)
  A fungus (Lair:7)
  4 plants
1971 creatures vanquished.

Vanquished Creatures (collateral kills)
  2 stone giants
  A green death (Vaults:5)
  A yaktaur captain (Vaults:2)
  An ogre mage (Depths:2)
  A centaur warrior (Vaults:2)
  A deep elf knight (Vaults:2)
  3 spriggans (Swamp:3)
  2 hell knights (Depths:2)
  2 orc knights (Vaults:2)
  2 ugly things (Swamp:5)
  A necromancer (Vaults:4)
  Joseph (D:8)
  A redback (Depths:2)
  A hippogriff (D:8)
  An orc warrior (Vaults:2)
  2 ogres (Depths:2)
  A centaur (Vaults:2)
  2 wasps (Swamp:3)
  An orc wizard (Vaults:2)
27 creatures vanquished.

Vanquished Creatures (others)
  An ironheart preserver (Vaults:5)
  2 stone giants
  2 rakshasas (Depths:1)
  An ettin (Depths:1)
  A yaktaur captain (Vaults:2)
  A centaur warrior (Depths:1)
  5 naga sharpshooters
  Sonja (D:15)
  2 hill giants
  A spiny frog (Swamp:3)
  8 yaktaurs
  A giant leech (Swamp:5)
  A bog body (Swamp:5)
  A troll (Depths:2)
  4 vampire mosquitoes (Swamp:5)
  4 insubstantial wisps (Swamp:5)
  A water moccasin (Swamp:5)
  A swamp drake (Swamp:5)
  7 centaurs
  A centaur simulacrum (IceCv)
  A naga simulacrum (IceCv)
  An orc (Vaults:4)
  A bat (D:13)
  4 fungi
  10 plants
63 creatures vanquished.

Grand Total: 2061 creatures vanquished

Notes
Turn   | Place    | Note
--------------------------------------------------------------
     0 | D:1      | Mellonil, the Minotaur Berserker, began the quest for the Orb.
     0 | D:1      | Reached XP level 1. HP: 19/19 MP: 0/0
   197 | D:1      | Found a sparkling altar of Nemelex Xobeh.
   261 | D:1      | Reached XP level 2. HP: 27/27 MP: 1/1
   320 | D:1      | Reached skill level 4 in Fighting
   821 | D:2      | Acquired Trog's second power
   821 | D:2      | Reached XP level 3. HP: 24/33 MP: 2/2
  1104 | D:2      | Found a bloodstained altar of Trog.
  1725 | D:2      | Noticed Sigmund
  1974 | D:3      | Reached XP level 4. HP: 41/41 MP: 3/3
  2461 | D:3      | Reached skill level 5 in Fighting
  2461 | D:3      | Reached XP level 5. HP: 45/48 MP: 4/4
  2508 | D:4      | Found a sacrificial altar of Ru.
  2624 | D:4      | Noticed an ogre
  2629 | D:4      | Killed an ogre
  2797 | D:4      | Reached XP level 6. HP: 56/56 MP: 5/5
  2816 | D:4      | Noticed Robin
  2843 | D:4      | Killed Robin
  2843 | D:4      | Reached skill level 5 in Maces & Flails
  2988 | D:4      | Found a staircase to the Ecumenical Temple.
  3269 | D:4      | Reached skill level 5 in Armour
  3284 | D:4      | Noticed Purgy
  3290 | D:4      | Killed Purgy
  3290 | D:4      | Reached skill level 6 in Fighting
  3680 | D:5      | Entered Level 5 of the Dungeon
  3753 | D:5      | Reached XP level 7. HP: 44/64 MP: 2/6
  4091 | D:5      | Reached skill level 7 in Fighting
  4402 | D:5      | Noticed Duvessa
  4404 | D:5      | Noticed Dowan
  4420 | D:5      | Killed Duvessa
  4424 | D:5      | Reached XP level 8. HP: 73/73 MP: 2/7
  4426 | D:5      | Killed Dowan
  4659 | D:6      | Found a sand-covered staircase.
  4668 | Ossuary  | Entered an ossuary
  4972 | Ossuary  | Reached skill level 8 in Fighting
  4972 | Ossuary  | Reached skill level 5 in Dodging
  5303 | D:6      | Acquired Trog's third power
  6015 | D:6      | Noticed Grinder
  6015 | D:6      | Paralysed by Grinder for 7 turns
  6027 | D:6      | Killed Grinder
  6027 | D:6      | Reached XP level 9. HP: 82/82 MP: 2/8
  6212 | D:6      | Reached skill level 9 in Fighting
  6346 | D:6      | Noticed Menkaure
  6352 | D:6      | Killed Menkaure
  7416 | D:7      | Noticed a centaur zombie
  7427 | D:7      | Killed a centaur zombie
  7427 | D:7      | Reached skill level 10 in Fighting
  7522 | D:7      | Found a snail-covered altar of Cheibriados.
  7622 | D:7      | Upgraded the game from 0.17-a0-587-g4707e02 to 0.17-a0-627-g5cb7d3e
  7796 | D:7      | Found Alak Ana's Armour Emporium.
  7908 | D:7      | Reached skill level 1 in Shields
  7994 | D:7      | Reached skill level 10 in Armour
  8600 | D:8      | Reached XP level 10. HP: 91/94 MP: 9/9
  8805 | D:8      | Noticed Erolcha
  8805 | D:8      | Noticed Joseph
  8809 | D:8      | Paralysed by Erolcha for 5 turns
  8822 | D:8      | Killed Erolcha
  8838 | D:8      | Killed Joseph
  8838 | D:8      | Reached skill level 11 in Fighting
  9267 | D:9      | Found Mogo's Distillery.
  9288 | D:9      | Bought a potion of heal wounds for 60 gold pieces
  9288 | D:9      | Bought 2 potions of mutation for 60 gold pieces
  9288 | D:9      | Bought a potion of heal wounds for 60 gold pieces
  9589 | D:9      | Found a staircase to the Orcish Mines.
 10107 | D:9      | Noticed Gastronok
 10124 | D:9      | Killed Gastronok
 10124 | D:9      | Reached skill level 12 in Fighting
 10124 | D:9      | Reached skill level 10 in Maces & Flails
 10376 | D:10     | Entered Level 10 of the Dungeon
 10427 | D:9      | Reached XP level 11. HP: 81/104 MP: 3/10
 10639 | D:10     | Received a gift from Trog
 10742 | D:10     | Found a staircase to the Lair.
 11282 | D:10     | Noticed a hill giant
 11303 | D:10     | Killed a hill giant
 11601 | D:11     | Reached skill level 5 in Shields
 12274 | D:11     | Reached skill level 13 in Fighting
 12371 | D:11     | Killed an unseen horror
 12734 | D:11     | Noticed a hill giant
 12747 | D:11     | Killed a hill giant
 12987 | D:12     | Found a frozen archway.
 13075 | IceCv    | Entered an ice cave
 13597 | IceCv    | Reached XP level 12. HP: 115/115 MP: 3/11
 13936 | IceCv    | Noticed an ice statue
 14295 | IceCv    | Found an ancient bone altar of Kikubaaqudgha.
 14435 | IceCv    | Noticed a necromancer
 14435 | IceCv    | Killed an ice statue
 14457 | IceCv    | Killed a necromancer
 14457 | IceCv    | Reached skill level 14 in Fighting
 14890 | D:12     | Noticed Psyche
 14900 | D:12     | Killed Psyche
 14908 | D:12     | Received a gift from Trog
 16709 | D:13     | Noticed a centaur warrior
 16725 | D:13     | Killed a centaur warrior
 17079 | D:13     | Reached skill level 15 in Fighting
 17189 | D:13     | Noticed Kirke
 17208 | D:13     | Noticed a centaur warrior
 17220 | D:13     | HP: 1/119 [something (7)]
 17357 | D:12     | Received a gift from Trog
 17728 | D:13     | Reached XP level 13. HP: 124/127 MP: 12/12
 18043 | D:13     | Killed a centaur warrior
 18499 | D:13     | Killed Kirke
 18836 | Orc:1    | Entered Level 1 of the Orcish Mines
 18924 | Orc:1    | Found Ewkafoh's Assorted Antiques.
 18961 | Orc:1    | Found Xusupnar's General Store.
 19090 | Orc:1    | Found Momaom's Weapon Shoppe.
 19091 | Orc:1    | Bought a scroll of identify for 26 gold pieces
 19091 | Orc:1    | Bought a scroll of identify for 26 gold pieces
 19362 | Orc:2    | Found Heneiz's Magic Scroll Shop.
 19377 | Orc:2    | Bought a scroll of teleportation for 30 gold pieces
 19377 | Orc:2    | Bought a scroll of enchant armour for 75 gold pieces
 19377 | Orc:2    | Bought a scroll of identify for 20 gold pieces
 19377 | Orc:2    | Bought a scroll of identify for 20 gold pieces
 19817 | Orc:3    | Received a gift from Trog
 20332 | Orc:4    | Entered Level 4 of the Orcish Mines
 20484 | Orc:4    | Found an iron altar of Okawaru.
 20539 | Orc:4    | Received a gift from Trog
 20708 | Orc:4    | Reached skill level 16 in Fighting
 20724 | Orc:4    | Paralysed by an ogre mage for 6 turns
 20795 | Orc:4    | Found Ehutad's Book Shop.
 20795 | Orc:4    | Found Lyher's Jewellery Shoppe.
 20795 | Orc:4    | Found Mimahe's Distillery.
 20795 | Orc:4    | Found Enlateba's Distillery.
 20844 | Orc:4    | Bought the ring of Limitation {+Fly rC+ Int+4 SInv} for 434 gold pieces
 20845 | Orc:4    | Bought a potion of curing for 33 gold pieces
 20845 | Orc:4    | Bought a potion of curing for 33 gold pieces
 20845 | Orc:4    | Bought 2 potions of curing for 66 gold pieces
 20845 | Orc:4    | Bought a potion of curing for 33 gold pieces
 21014 | Orc:4    | Found a staircase to the Elven Halls.
 21024 | Orc:4    | Reached skill level 15 in Maces & Flails
 21033 | Orc:4    | Received a gift from Trog
 21177 | Orc:4    | Found Goacom's Jewellery Boutique.
 21475 | Lair:1   | Entered Level 1 of the Lair of Beasts
 22104 | Lair:1   | Upgraded the game from 0.17-a0-627-g5cb7d3e to 0.17-a0-649-g87edefa
 22268 | Lair:2   | Received a gift from Trog
 22841 | Lair:2   | Reached XP level 14. HP: 108/138 MP: 13/13
 23379 | Lair:3   | Reached skill level 10 in Shields
 23479 | Lair:3   | Received a gift from Trog
 23729 | Lair:3   | Found a staircase to the Swamp.
 24856 | Lair:4   | Reached skill level 17 in Fighting
 25651 | Lair:5   | You fall through a shaft for 2 floors!
 25684 | Lair:7   | Received a gift from Trog
 26263 | Lair:6   | Found a staircase to the Snake Pit.
 26767 | Lair:5   | Received a gift from Trog
 27352 | Lair:6   | Found a staircase to the Slime Pits.
 28588 | Lair:8   | Entered Level 8 of the Lair of Beasts
 28664 | Lair:8   | Received a gift from Trog
 28791 | Lair:8   | Reached XP level 15. HP: 149/149 MP: 14/14
 28947 | Lair:8   | Reached skill level 18 in Fighting
 29392 | Lair:8   | Received a gift from Trog
 30038 | Swamp:1  | Entered Level 1 of the Swamp
 30474 | Swamp:1  | Reached skill level 15 in Armour
 30680 | Swamp:1  | Noticed Roxanne
 30703 | Swamp:1  | Killed Roxanne
 30705 | Swamp:1  | Identified Roxanne's Volume of Changing and the Rocks (You took it off Roxanne on level 1 of the Swamp)
 31311 | Swamp:2  | Noticed Frances
 31317 | Swamp:2  | Killed Frances
 31317 | Swamp:2  | Received a gift from Trog
 31459 | Swamp:2  | Reached skill level 19 in Fighting
 31750 | Swamp:2  | Noticed Aizul
 31772 | Swamp:2  | Killed Aizul
 32118 | Swamp:2  | Got a pair of scorched boots
 32124 | Swamp:2  | Identified the +1 pair of boots "Vezues" {Str+2} (You found it on level 2 of the Swamp)
 32910 | Swamp:3  | Reached XP level 16. HP: 133/160 MP: 15/15
 33028 | Swamp:3  | Gained mutation: Your flesh is cold resistant. [potion of beneficial mutation]
 34059 | Swamp:4  | Received a gift from Trog
 34596 | Swamp:4  | Noticed Louise
 34615 | Swamp:4  | Killed Louise
 35153 | Swamp:5  | Entered Level 5 of the Swamp
 35833 | Swamp:5  | Reached skill level 20 in Fighting
 36304 | Swamp:5  | Received a gift from Trog
 36853 | Swamp:5  | Got a decaying rune of Zot
 37406 | Snake:1  | Entered Level 1 of the Snake Pit
 37681 | Snake:1  | Upgraded the game from 0.17-a0-649-g87edefa to 0.17-a0-670-g5d95ebd
 37779 | Snake:1  | Reached XP level 17. HP: 161/171 MP: 16/16
 38114 | Snake:1  | Found Wam Nuosch's Food Boutique.
 38130 | Snake:2  | Noticed Donald
 38148 | Snake:2  | Killed Donald
 38631 | Snake:2  | Noticed Agnes
 38636 | Snake:2  | Killed Agnes
 38697 | Snake:2  | Received a gift from Trog
 39125 | Snake:3  | Noticed Wiglaf
 39141 | Snake:3  | Killed Wiglaf
 40591 | Snake:4  | Received a gift from Trog
 40592 | Snake:4  | Got a dazzling triple sword {god gift}
 41495 | Snake:5  | Entered Level 5 of the Snake Pit
 41507 | Snake:5  | Reached skill level 21 in Fighting
 42355 | Snake:5  | Received a gift from Trog
 43371 | Snake:5  | Reached XP level 18. HP: 147/182 MP: 17/17
 44097 | Snake:5  | Received a gift from Trog
 44682 | Snake:5  | Received a gift from Trog
 44844 | Snake:5  | Got a serpentine rune of Zot
 45129 | Snake:5  | Reached skill level 22 in Fighting
 45828 | D:14     | Found a gate to the Vaults.
 45874 | D:14     | Reached skill level 15 in Shields
 46586 | D:15     | Entered Level 15 of the Dungeon
 46710 | D:15     | Noticed Azrael
 46733 | D:15     | Killed Azrael
 46828 | D:15     | Noticed Sonja
 46840 | D:15     | Killed Sonja
 46882 | D:15     | Noticed Rupert
 46898 | D:15     | Killed Rupert
 46990 | D:15     | Received a gift from Trog
 47203 | D:15     | Found a staircase to the Depths.
 47581 | Depths:1 | Entered Level 1 of the Depths
 47885 | Depths:2 | Found a gateway to Hell.
 47909 | Depths:1 | Reached XP level 19. HP: 133/193 MP: 18/18
 48286 | Depths:2 | Got a crystal dire flail {pain}
 48292 | Depths:2 | Identified the cursed +1 dire flail of Fettabam {pain, rF+} (You took it off a tengu warrior on level 2 of the Depths)
 48691 | Depths:2 | Received a gift from Trog
 50289 | Depths:2 | Upgraded the game from 0.17-a0-670-g5d95ebd to 0.17-a0-701-gb6462b4
 50331 | Depths:1 | Received a gift from Trog
 50575 | Vaults:1 | Entered Level 1 of the Vaults
 50638 | Vaults:1 | Reached skill level 23 in Fighting
 51441 | Vaults:1 | Received a gift from Trog
 52016 | Vaults:1 | Upgraded the game from 0.17-a0-701-gb6462b4 to 0.17-a0-702-gb3a3556
 52121 | Vaults:1 | Received a gift from Trog
 52548 | Vaults:1 | Received a gift from Trog
 52921 | Vaults:1 | Reached XP level 20. HP: 204/204 MP: 6/19
 53916 | Vaults:2 | Found Wonyemm's Jewellery Emporium.
 53924 | Vaults:2 | Bought the amulet "Kimow" {Ward rN+ Int+6} for 692 gold pieces
 53924 | Vaults:2 | Bought the ring "Koweyl" {rElec MR+ Stlth+} for 836 gold pieces
 53983 | Vaults:2 | Received a gift from Trog
 56217 | Vaults:3 | Found a staircase to the Crypt.
 56217 | Vaults:3 | Found a basalt altar of Yredelemnul.
 56218 | Vaults:3 | Found an ancient bone altar of Kikubaaqudgha.
 56315 | Vaults:3 | Received a gift from Trog
 56647 | Vaults:4 | Reached skill level 24 in Fighting
 56763 | Vaults:4 | Noticed Margery
 57170 | Vaults:4 | Killed Margery
 57599 | Vaults:4 | Received a gift from Trog
 57600 | Vaults:4 | Got a faintly glowing dire flail {god gift}
 57741 | Vaults:4 | Identified the +1 dire flail of Propriety {speed, rC+++ rN+ Stlth-} (Trog gifted it to you on level 4 of the Vaults)
 57782 | Vaults:4 | Noticed Sojobo
 57810 | Vaults:4 | Killed Sojobo
 57893 | Vaults:4 | Reached XP level 21. HP: 185/214 MP: 20/20
 57960 | Vaults:4 | Noticed Frederick
 58227 | Vaults:4 | Killed Frederick
 59047 | Vaults:4 | Found Ejaw's Distillery.
 59210 | Vaults:5 | Entered Level 5 of the Vaults
 59766 | Vaults:4 | Received a gift from Trog
 60507 | Vaults:5 | HP: 9/216 [titan/the air (11)]
 60511 | Vaults:5 | Mangled by a phantasmal warrior

Action                   |  1- 3 |  4- 6 |  7- 9 | 10-12 | 13-15 | 16-18 | 19-21 || total
-------------------------+-------+-------+-------+-------+-------+-------+-------++-------
Melee: Mace              |    73 |   114 |   400 |   952 |       |       |       ||  1539
       Great mace        |       |       |       |    13 |  1204 |       |       ||  1217
       Unarmed           |       |       |       |     1 |       |       |       ||     1
       Eveningstar       |       |       |       |       |    87 |       |  1178 ||  1265
       Morningstar       |       |       |       |       |   399 |  1818 |   441 ||  2658
Invok: Berserk           |       |     3 |     6 |    20 |    10 |     8 |    16 ||    63
       Brothers in Arms  |       |       |       |     1 |     1 |     1 |     6 ||     9
       Burn Spellbooks   |       |       |       |     1 |     4 |     3 |     1 ||     9
Evoke: Wand              |       |       |     5 |    19 |     1 |     6 |     6 ||    37
  Use: Scroll            |       |    12 |     8 |    10 |    15 |    12 |    22 ||    79
       Potion            |       |     7 |       |     5 |     4 |     1 |    14 ||    31
 Stab: Paralysed         |       |       |       |    16 |       |       |       ||    16
       Confused          |       |       |       |     1 |       |       |       ||     1
       Distracted        |       |       |       |       |       |     2 |       ||     2
  Eat: Chunk             |     3 |     9 |    13 |    30 |    44 |    24 |    42 ||   165
       Bread ration      |       |       |     2 |     2 |     2 |       |       ||     6
       Pizza             |       |       |       |     8 |     2 |     1 |     2 ||    13
       Fruit             |       |       |       |       |     3 |    18 |     3 ||    24
       Beef jerky        |       |       |       |       |     2 |       |     6 ||     8
       Royal jelly       |       |       |       |       |       |     8 |       ||     8
       Meat ration       |       |       |       |       |       |       |     1 ||     1
